 Dungeon Crawl Stone Soup version 0.20.1-1-g8b1a95d (webtiles) character file.

6468 Freud the Carver (level 11, -5/79 HPs)
             Began as a Barachi Wizard on Aug 11, 2017.
             Was an Elder of Okawaru.
             Slain by a wyvern (17 damage)
             ... on level 10 of the Dungeon on Aug 12, 2017.
             The game lasted 04:20:02 (12135 turns).

Freud the Carver (Barachi Wizard)                  Turns: 12135, Time: 04:20:03

Health: -5/79      AC: 11    Str: 14    XL:     11   Next: 0%
Magic:  2/18       EV: 12    Int: 25    God:    Okawaru [****..]
Gold:   64         SH:  0    Dex: 10    Spells: 6/19 levels left

rFire    . . .     SeeInvis .   Q - +0 short sword (curse)
rCold    . . .     Gourm    +   (no shield)
rNeg     . . .     Faith    .   p - -1 leather armour (curse)
rPois    .         Spirit   .   y - +0 helmet
rElec    .         Reflect  .   (no cloak)
rCorr    .         Harm     .   i - +0 pair of gloves
MR       .....                  u - +1 pair of boots
Stlth    +.........             E - amulet of the gourmand
Regen    0.3/turn               l - +4 ring of intelligence
MPRegen  0.2/turn               A - +4 ring of protection

@: drained, slow
A: +LOS, swims, clever 1, sense surroundings 1, slowness 1, strong 1, strong
legs 1
a: Hop, Heroism, Renounce Religion


You were on level 10 of the Dungeon.
You worshipped Okawaru.
Okawaru was greatly pleased with you.
You were full.

You visited 2 branches of the dungeon, and saw 11 of its levels.

You collected 519 gold pieces.
You spent 455 gold pieces at shops.

Inventory:

Hand Weapons
 a - a +2 long sword of slicing
 b - a +0 scimitar
 r - a +0 dagger of draining
 v - a +0 blowgun
 w - a +0 vampiric dagger
 H - a +4 dagger of distortion
 Q - a cursed +0 short sword (weapon)
 R - a +1 vampiric whip
 S - a +0 short sword of speed
 T - a +0 spear of piercing
 Y - a +0 shortbow
Missiles
 g - 10 tomahawks (quivered)
 F - 32 poisoned needles
Armour
 i - a +0 pair of gloves (worn)
 j - a +2 chain mail of fire resistance
 p - a cursed -1 leather armour (worn)
 u - a +1 pair of boots (worn)
 y - a +0 helmet (worn)
 K - a +1 scale mail of poison resistance
 M - a +0 leather armour
Jewellery
 e - a +5 ring of slaying
 l - a +4 ring of intelligence (left hand)
 A - a +4 ring of protection (right hand)
 C - an uncursed amulet of rage
 E - an amulet of the gourmand (around neck)
Wands
 k - a wand of enslavement (14/24)
Scrolls
 n - a scroll of enchant weapon
 o - 4 scrolls of amnesia {unknown}
 q - 3 scrolls of immolation
 s - 2 scrolls of fear {unknown}
 D - 3 scrolls of teleportation
 I - a scroll of recharging
 L - 2 scrolls of enchant armour {unknown}
 P - a scroll of holy word
 U - 3 scrolls of vulnerability {unknown}
Potions
 f - 2 potions of brilliance
 m - 4 potions of curing
 x - a potion of invisibility
 z - a potion of resistance
 B - a potion of mutation
 J - 2 potions of ambrosia
 N - a potion of flight
 O - a potion of agility
 V - a potion of lignification
Books
 c - a book of Minor Magic

   Spells                             Type                      Level
   a - Magic Dart                     Conjuration                  1
   b - Blink                          Translocation                2
   c - Call Imp                       Summoning                    2
   d - Slow                           Hexes                        2
   e - Conjure Flame                  Conjuration/Fire             3
   f - Mephitic Cloud                 Conjuration/Poison/Air       3
 W - a book of Frost

   Spells                             Type                      Level
   a - Freeze                         Ice                          1
   b - Throw Frost                    Conjuration/Ice              2
   c - Ozocubu's Armour               Charms/Ice                   3
   d - Throw Icicle                   Conjuration/Ice              4
   e - Summon Ice Beast               Ice/Summoning                4
Comestibles
 d - 3 bread rations
 t - 10 royal jellies
 G - 4 meat rations
 X - 3 fruits


   Skills:
 - Level 5.0(4.8) Fighting
 - Level 12.0(11.7) Long Blades
 - Level 7.1(6.9) Armour
 - Level 2.1(2.0) Dodging
 - Level 1.7(1.6) Stealth
 + Level 4.7(4.5) Spellcasting
 - Level 7.0(6.8) Conjurations
 - Level 3.0(2.8) Charms
   Level 1.2(1.0) Summonings
 - Level 2.3(2.1) Translocations
 * Level 6.7(6.5) Ice Magic
 - Level 2.2(2.1) Air Magic


You had 6 spell levels left.
You knew the following spells:

 Your Spells              Type           Power        Failure   Level  Hunger
a - Magic Dart            Conj           ####         1%          1    None
b - Blink                 Tloc           N/A          6%          2    None
c - Mephitic Cloud        Conj/Pois/Air  ###.....     9%          3    ##.....
d - Ozocubu's Armour      Chrm/Ice       ####....     4%          3    ##.....
e - Throw Icicle          Conj/Ice       #####...     6%          4    ####...


Dungeon Overview and Level Annotations

Branches:
Dungeon (10/15)            Temple (1/1) D:5            Lair (0/6) D:8
    Orc: D:9-12

Altars:
Ashenzari
Cheibriados
Dithmenos
Elyvilon
Fedhas
Gozag
Hepliaklqana
Kikubaaqudgha
Makhleb
Nemelex Xobeh
Okawaru
Qazlal
Ru
Sif Muna
Trog
Uskayaw
Vehumet
Xom
Yredelemnul
Zin
The Shining One

Shops:
D:4 :

Annotations:
D:9 bgiannan's ghost, journeyman HOFi
D:10 tidbits's ghost, novice DgTm


Innate Abilities, Weirdness & Mutations

Shadows flee at your approach. (+LOS)
You can swim through water.
You cover ground slowly.
You can hop short distances.
Your mind is acute. (Int +2)
You passively map a small area around you.
Your muscles are strong. (Str +2)


Message History

The wyvern is heavily wounded.
The wyvern bites you but does no damage.
You hit the wyvern but do no damage.
The wyvern is heavily wounded.
Your icy armour evaporates.
The wyvern bites you.
* * * LOW HITPOINT WARNING * * *
You hit the wyvern but do no damage.
The wyvern is heavily wounded.
The wyvern bites you but does no damage.
You closely miss the wyvern.
The wyvern is heavily wounded.
The wyvern bites you.
* * * LOW HITPOINT WARNING * * *
You closely miss the wyvern.
The wyvern is heavily wounded.
The wyvern bites you!
* * * LOW HITPOINT WARNING * * *
The wyvern bites you!
You die...

* , # * * * * ..
, , ######.# * *
* *
,#.######......#
, #...@l.....# *
########.#.#
#.#.# ######
#.#.# ## .Oo..#
#.#.#########.
####.#
#............$
#.#
#...#########z
#.# #.o)# #. #.#
#...# #.


You could see a wyvern.

Vanquished Creatures
  A two-headed ogre (D:8)
  The ghost of Terandir the Cleaver, a novice MiFi (D:6)
  A centaur skeleton (D:10)
  2 hornets (D:8)
  2 soldier ants (D:8)
  6 orc warriors
  A sky beast (D:5)
  2 black bears (D:8)
  An ice beast (D:5)
  A necrophage (D:5)
  3 ogres
  A phantom (D:4)
  3 centaurs
  Blork the orc (D:4)
  4 big kobolds
  6 bullfrogs
  A scorpion (D:4)
  A killer bee (D:10)
  5 howler monkeys
  4 crimson imps
  4 hounds
  A centaur zombie (D:6)
  6 orc priests
  2 bullfrog skeletons
  9 orc wizards
  3 iguanas
  6 worker ants
  2 hound zombies
  4 hound skeletons
  7 gnolls (D:4)
  12 adders
  A howler monkey skeleton (D:7)
  3 shadow imps
  2 oozes
  3 adder zombies
  5 adder skeletons
  5 worms
  4 dart slugs
  7 leopard geckos
  33 orcs
  8 bats
  8 giant cockroaches
  35 goblins
  37 hobgoblins
  17 jackals
  29 kobolds
  2 quokkas
  2 ball pythons
  A ball python skeleton (D:4)
  7 frilled lizards
  A leopard gecko zombie (D:5)
  A quokka skeleton (D:7)
  6 rats
320 creatures vanquished.

Vanquished Creatures (others)
  A wizard (D:3)
  Psyche (D:9)
  A fungus (D:8)
3 creatures vanquished.

Grand Total: 323 creatures vanquished

Notes
Turn   | Place    | Note
-------+----------+-------------------------------------------
     0 | D:1      | Freud the Barachi Wizard began the quest for the Orb.
     0 | D:1      | Reached XP level 1. HP: 13/13 MP: 4/4
   101 | D:1      | Reached skill level 1 in Armour
   239 | D:1      | Reached XP level 2. HP: 19/19 MP: 3/6
   244 | D:1      | Learned a level 2 spell: Blink
   811 | D:1      | Reached XP level 3. HP: 25/25 MP: 5/7
   832 | D:1      | Reached skill level 1 in Fighting
  1350 | D:2      | Learned a level 3 spell: Mephitic Cloud
  1588 | D:2      | Reached XP level 4. HP: 19/32 MP: 1/8
  2487 | D:3      | Found a bloodstained altar of Trog.
  2487 | D:3      | Noticed a wizard
  2493 | D:3      | Killed a wizard
  2849 | D:3      | Reached XP level 5. HP: 33/38 MP: 10/10
  3451 | D:4      | Found Aximut's Book Shoppe.
  3559 | D:4      | Reached XP level 6. HP: 46/46 MP: 9/12
  3730 | D:4      | Reached skill level 1 in Long Blades
  3735 | D:4      | Reached skill level 2 in Long Blades
  3855 | D:4      | Reached skill level 3 in Long Blades
  4238 | D:4      | Gained mutation: Scrolls take you a little longer to read. [potion of mutation]
  4238 | D:4      | Gained mutation: You have large cloven feet. [potion of mutation]
  4238 | D:4      | Gained mutation: Your spells are a little harder to cast, but a little more powerful. [potion of mutation]
  4238 | D:4      | Gained mutation: Your muscles are strong. (Str +2) [potion of mutation]
  4521 | D:4      | Reached skill level 4 in Long Blades
  4599 | D:4      | Reached XP level 7. HP: 42/51 MP: 1/13
  4838 | D:4      | Reached skill level 5 in Long Blades
  4986 | D:4      | Noticed Blork the orc
  5001 | D:4      | Killed Blork the orc
  5525 | D:5      | Entered Level 5 of the Dungeon
  5581 | D:5      | Reached skill level 6 in Long Blades
  5778 | D:5      | Reached skill level 5 in Armour
  5778 | D:5      | Reached XP level 8. HP: 57/59 MP: 14/14
  6004 | D:5      | Reached skill level 7 in Long Blades
  6186 | D:5      | Found a staircase to the Ecumenical Temple.
  6364 | Temple   | Entered the Ecumenical Temple
  6764 | Temple   | Became a worshipper of Warmaster Okawaru
  6865 | D:6      | Reached skill level 8 in Long Blades
  6947 | D:6      | Noticed Terandir's ghost (novice MiFi)
  7365 | D:6      | Killed Terandir's ghost
  7365 | D:6      | Reached skill level 10 in Long Blades
  7365 | D:6      | Reached XP level 9. HP: 26/65 MP: 15/15
  7430 | D:7      | Reached * piety under Okawaru
  8224 | D:7      | Reached skill level 5 in Fighting
  8345 | D:7      | Reached skill level 11 in Long Blades
  8563 | D:7      | Reached ** piety under Okawaru
  9407 | D:8      | Reached skill level 12 in Long Blades
  9426 | D:8      | Reached XP level 10. HP: 56/74 MP: 16/16
  9451 | D:8      | Reached skill level 5 in Conjurations
  9582 | D:8      | Reached *** piety under Okawaru
  9668 | D:4      | Bought a book of Frost for 455 gold pieces
  9675 | D:4      | Lost mutation: Scrolls take you a little longer to read. [potion of mutation]
  9675 | D:4      | Lost mutation: Your spells are a little harder to cast, but a little more powerful. [potion of mutation]
  9675 | D:4      | Lost mutation: Your muscles are strong. (Str +2) [potion of mutation]
  9675 | D:4      | Lost mutation: You have large cloven feet. [potion of mutation]
  9675 | D:4      | Gained mutation: Your mind is acute. (Int +2) [potion of mutation]
  9675 | D:4      | Gained mutation: You passively map a small area around you. [potion of mutation]
  9675 | D:4      | Gained mutation: Your muscles are strong. (Str +2) [potion of mutation]
  9685 | D:4      | Learned a level 3 spell: Ozocubu's Armour
  9839 | D:8      | Reached skill level 1 in Ice Magic
  9931 | D:8      | Found a white marble altar of Elyvilon.
  9931 | D:8      | Found an opulent altar of Gozag.
  9933 | D:8      | Found a glowing golden altar of the Shining One.
 10041 | D:8      | Reached skill level 1 in Charms
 10055 | D:8      | Found a snail-covered altar of Cheibriados.
 10057 | D:8      | Found an ancient bone altar of Kikubaaqudgha.
 10079 | D:8      | Found a staircase to the Lair.
 10326 | D:5      | Learned a level 4 spell: Throw Icicle
 10921 | D:8      | Noticed a two-headed ogre
 10944 | D:8      | Killed a two-headed ogre
 10944 | D:8      | Reached skill level 5 in Ice Magic
 11222 | D:9      | Reached **** piety under Okawaru
 11292 | D:9      | Noticed Psyche
 11365 | D:9      | Killed Psyche
 11365 | D:9      | Reached skill level 1 in Air Magic
 11368 | D:9      | Noticed a two-headed ogre
 11557 | D:9      | Noticed bgiannan's ghost (journeyman HOFi)
 11818 | D:10     | Entered Level 10 of the Dungeon
 11833 | D:10     | HP: 2/74 [wight/great sword (9)]
 11836 | D:10     | Noticed tidbits's ghost (novice DgTm)
 12103 | D:10     | Reached XP level 11. HP: 37/79 MP: 2/18
 12135 | D:10     | Slain by a wyvern

Skill      XL: |  1  2  3  4  5  6  7  8  9 10 |
---------------+-------------------------------+-----
Armour         | 2 3 4 5 7 |  7.1
Fighting       | 1 2 4 5 |  5.0
Conjurations   | 2 4 7 |  7.0
Translocations | 2 |  2.3
Spellcasting   | 4 |  4.7
Long Blades    | 4 6 10 12 | 12.0
Ice Magic      | 6 |  6.7
Charms         | 3 |  3.0
Air Magic      | 2 |  2.2
Dodging        | |  2.1
Stealth        | |  1.7
Summonings     | |  1.2

Action                   |  1- 3 |  4- 6 |  7- 9 | 10-12 || total
-------------------------+-------+-------+-------+-------++-------
Melee: Short sword       |    42 |    49 |       |   215 ||   306
       Spear             |       |    41 |       |       ||    41
       Long sword        |       |    60 |   319 |    89 ||   468
       Scimitar          |       |       |    88 |       ||    88
 Fire: Hunting sling     |       |    14 |       |       ||    14
Throw: Stone             |     8 |     6 |       |       ||    14
       Tomahawk          |       |       |       |     3 ||     3
 Cast: Magic Dart        |    71 |   104 |    56 |     9 ||   240
       Mephitic Cloud    |       |     1 |     2 |     4 ||     7
       Throw Icicle      |       |       |       |    27 ||    27
       Blink             |       |       |       |    13 ||    13
       Ozocubu's Armour  |       |       |       |    12 ||    12
 Abil: Hop               |       |     8 |     7 |     5 ||    20
       Evoke Berserk Rag |       |       |     1 |       ||     1
  Use: Scroll            |     1 |    10 |     6 |     4 ||    21
       Potion            |       |     2 |     2 |     5 ||     9
 Stab: Sleeping          |     2 |     1 |       |       ||     3
       Confused          |       |       |     3 |     1 ||     4
  Eat: Chunk             |     3 |    11 |    42 |    13 ||    69
Armor: Robe              |     6 |       |       |       ||     6
       Ring mail         |     4 |    80 |    48 |       ||   132
       Scale mail        |       |       |    95 |    27 ||   122
       Chain mail        |       |       |    91 |    14 ||   105
       Plate armour      |       |       |    10 |       ||    10
       Leather armour    |       |       |       |   110 ||   110
Dodge: Dodged            |    30 |    96 |   192 |   144 ||   462
       Rpst.: Long sword |       |    18 |    44 |     9 ||    71
       Scimitar          |       |       |     4 |       ||     4
